 Dungeon Crawl Stone Soup version 0.30-a0-743-gbfdf073431 (webtiles) character file.

Game seed: 12411932248157505237

171446 sokol815 the Arsonist (level 16, -14/139 (144) HPs)
             Began as a Demigod Delver on Feb 6, 2023.
             Demolished by a boulder beetle (35 damage)
             ... on level 4 of the Spider Nest on Feb 7, 2023.
             The game lasted 02:12:11 (41185 turns).

sokol815 the Arsonist (Demigod Delver)             Turns: 41185, Time: 02:12:12

HP:   -14/139 (144) AC: 20    Str: 10 (13) XL:     16   Next: 84%
MP:   3/19          EV: 27    Int: 17 (20) God:
Gold: 2169          SH:  5    Dex: 26 (27) Spells: 14/15 levels left

rFire   . . .      SeeInvis +    b - +3 dagger (venom)
rCold   . . .      Faith    .    (no shield)
rNeg    . . .      Spirit   .    S - +6 acid dragon scales
rPois   .          Reflect  +    W - +2 hat {Will+}
rElec   +          Harm     .    y - scarf {repulsion}
rCorr   +          Rampage  ∞    (no gloves)
Will    ++...                    r - +3 pair of seven-league boots {Rampage+∞}
Stlth   +++++                    m - amulet of Porad {Reflect rElec SH+5}
HPRegen 0.43/turn                h - +5 ring of evasion
MPRegen 0.16/turn                V - ring of see invisible {sInv, !d}

@: lightly drained, repel missiles
A: high MP 1, forlorn, divine attributes
a: no special abilities


You were on level 4 of the Spider Nest.
You visited 4 branches of the dungeon, and saw 25 of its levels.

You collected 2545 gold pieces.
You spent 376 gold pieces at shops.

Inventory:

Hand Weapons
 a - a +6 whip of electrocution
   (You took it off a gnoll on level 4 of the Dungeon)
 b - a +3 dagger of venom (weapon)
   (You took it off an orc on level 9 of the Dungeon)
 n - a +4 dagger of distortion {!w}
   (You took it off Psyche on level 9 of the Dungeon)
Missiles
 o - 6 boomerangs of dispersal {=f}
 w - 15 boomerangs
 z - 14 javelins
 I - 5 silver boomerangs
 O - 4 curare-tipped darts
 Q - 23 poisoned darts (quivered)
Armour
 r - the +3 pair of seven-league boots (worn) {Rampage+∞}
   (You found it on level 5 of the Lair of Beasts)

   Rampage+∞: When moving toward enemies, its wearer moves as far as possible.
 y - a scarf of repulsion (worn)
   (You found it on level 2 of the Spider Nest)
 S - +6 acid dragon scales (worn)
   (You took it off Maggie on level 9 of the Dungeon)
 W - a +2 hat of willpower (worn)
   (You took it off Gastronok on level 1 of the Lair of Beasts)
Jewellery
 e - a ring of poison resistance {rPois, !d}
   (You bought it in a shop on level 1 of the Orcish Mines)
 g - an amulet of the acrobat
   (You found it on level 11 of the Dungeon)
 h - a +5 ring of evasion (left hand)
   (You found it on level 5 of the Dungeon)
 i - a ring of flight {+Fly, !d}
   (You found it on level 7 of the Dungeon)
 m - the amulet of Porad (around neck) {Reflect rElec SH+5}
   (You found it on level 2 of the Dungeon)

   [amulet of reflection]

   It reflects blocked missile attacks.
   rElec:     It insulates you from electricity.
   SH:        It affects your SH (+5).
 v - a ring of positive energy {rN+}
   (You found it on level 2 of the Lair of Beasts)
 x - the ring "Nunah" {Fire Dex+2}
   (You acquired it on level 1 of the Spider Nest)

   [ring of fire]

   It enhances your fire magic.
   Dex:       It affects your dexterity (+2).
   rF:        It protects you from fire.
   rC:        It makes you vulnerable to cold.
 C - a ring of protection from cold {rC+, !d}
   (You found it on level 3 of the Dungeon)
 F - a ring of protection from fire {rF+, !d}
   (You found it on level 3 of the Dungeon)
 V - a ring of see invisible (right hand) {sInv, !d}
   (You found it on level 5 of the Lair of Beasts)
Wands
 d - a wand of digging (7)
 f - a wand of light (7)
   (You found it on level 14 of the Dungeon)
 j - a wand of polymorph (3)
   (You found it on level 1 of the Spider Nest)
 p - a wand of paralysis (33)
   (You found it on level 4 of the Dungeon)
 q - a wand of flame (43)
   (You found it on level 4 of the Dungeon)
 s - a wand of roots (23)
   (You found it on level 13 of the Dungeon)
Scrolls
 c - 5 scrolls of fog
 t - 5 scrolls of identify {@r1}
 A - a scroll of poison {!r}
 E - 6 scrolls of fear
 K - 3 scrolls of immolation {!r}
 X - a scroll of magic mapping {@r4!r}
 Y - 8 scrolls of teleportation {@r3}
Potions
 k - 4 potions of cancellation
 u - 9 potions of attraction {!q}
 B - a potion of brilliance
 G - 2 potions of ambrosia {!q}
 H - 4 potions of haste
 J - 6 potions of curing {@q1}
 L - 2 potions of flight
 M - 3 potions of magic
 N - 5 potions of heal wounds {@q2}
 P - 2 potions of lignification {!q}
 R - a potion of resistance
 T - a potion of berserk rage {!q}
 U - a potion of mutation {!q}
 Z - 5 potions of invisibility
Miscellaneous
 l - a condenser vane
   (You found it on level 1 of the Lair of Beasts)


   Skills:
 + Level 13.2 Fighting
 - Level 6.0 Short Blades
 - Level 12.0 Maces & Flails
 - Level 8.0 Armour
 + Level 13.1 Dodging
 - Level 12.1 Stealth
 * Level 3.8 Translocations
 - Level 14.0 Fire Magic
 - Level 13.0 Evocations


You had 14 spell levels left.
You knew the following spells:

 Your Spells              Type           Power      Damage    Failure   Level
g - Apportation           Tloc           26%        N/A       7%          1

Your spell library contained the following spells:

 Spells                   Type           Power      Damage    Failure   Level
 Gell's Gravitas          Tloc           13%        N/A       22%         3
 Teleport Other           Tloc           13%        N/A       22%         3
 Necrotise                Necr           0%         1d4       34%         1
 Shock                    Conj/Air       0%         1d3       34%         1
 Slow                     Hex            0%         N/A       34%         1
 Sting                    Tmut/Pois      0%         1d3       34%         1
 Summon Small Mammal      Summ           0%         N/A       34%         1
 Poisonous Vapours        Pois/Air       0%         N/A       45%         2
 Manifold Assault         Tloc           13%        N/A       56%         4
 Call Canine Familiar     Summ           0%         N/A       71%         3
 Confusing Touch          Hex            0%         N/A       71%         3
 Mephitic Cloud           Conj/Pois/Air  0%         N/A       71%         3
 Spider Form              Tmut/Pois      0%         N/A       71%         3
 Summon Guardian Golem    Hex/Summ       0%         N/A       71%         3
 Swiftness                Air            0%         N/A       71%         3
 Vampiric Draining        Necr           0%         2d6       71%         3
 Airstrike                Air            0%         2d(0-16)  98%         4
 Olgreb's Toxic Radiance  Pois           0%         N/A       98%         4
 Agony                    Necr           0%         N/A       100%        5
 Alistair's Intoxication  Tmut/Pois      0%         N/A       100%        5
 Dispersal                Tloc           6%         N/A       100%        6
 Disjunction              Tloc           6%         N/A       100%        8
 Maxwell's Capacitive Co  Air            0%         ∞         100%        8


Dungeon Overview and Level Annotations

Branches:
Dungeon (14/15) Zot: 23475  Temple (0/1) D:4            Lair (5/5) D:9 Zot: 21590
 Shoals (0/4) Lair:2       Spider (4/4) Lair:2 Zot: 13095   Slime (0/5) Lair:4
    Orc (2/2) D:12 Zot: 9770     Elf (0/3) Orc:2        Vaults (0/5) D:14

Shops:
D:6 ?   D:13 (   Orc:1 =   Orc:2 *=*[(

Portals:
Abyss: Lair:5

Annotations:
D:2 1 runed translucent door, Crazy Yiuf
D:11 3 runed translucent doors, epsilonplus's ghost, journeyman TeHu
Orc:2 1 runed translucent door, Dittersdorf's ghost, journeyman GrFi


Innate Abilities, Weirdness & Mutations

You have an increased reservoir of magic. (+10% MP)
You shall have no god before yourself.
Your divine heritage dramatically boosts your attributes as you level up.


Message History

You block the boulder beetle's attack.
You hit the boulder beetle but do no damage.
The boulder beetle looks as sick as possible!
The culicivora completely misses you.
The jumping spider leaps!
The boulder beetle barely misses you.
You barely miss the culicivora. The culicivora completely misses you.
A redback comes into view.
The culicivora closely misses you.
You hit the redback.
The jumping spider leaps!
A culicivora comes into view.
The redback completely misses you. The boulder beetle bites you!!
The culicivora bites you but does no damage.
A jumping spider comes into view.
You take 18 damage, and have 53/139 hp.
The jumping spider's many legs skitter faintly.
You hit the redback.
The redback is poisoned.
The redback closely misses you. You block the culicivora's attack.
The boulder beetle bites you!!
* * * LOW HITPOINT WARNING * * *
You take 19 damage, and have 34/139 hp.
The redback attacks as you move away! The redback misses you.
The redback is healed somewhat.
The redback misses you.
You hit the redback.
The redback looks as sick as possible!
The jumping spider leaps!
The redback completely misses you.
You hit the culicivora.
The culicivora bites you but does no damage.
You block the redback's attack.
You hit the culicivora. The culicivora completely misses you.
The redback misses you.
You hit the culicivora.
The culicivora is poisoned.
The culicivora misses you.
The jumping spider leaps!
The culicivora is healed somewhat.
The redback barely misses you.
You hit the culicivora.
The culicivora looks as sick as possible!
You kill the redback!
The jumping spider leaps!
The culicivora bites you but does no damage.
The boulder beetle leaps!
You hit the redback.
The redback is poisoned.
The culicivora bites you.
* * * LOW HITPOINT WARNING * * *
The culicivora draws strength from your injuries!
The culicivora is healed somewhat.
The redback bites you.
* * * LOW HITPOINT WARNING * * *
You take 7 damage, and have 29/139 hp.
You hit the redback.
The redback looks as sick as possible!
The culicivora misses you. The redback completely misses you.
The boulder beetle curls into a ball and begins rolling!
You feel much better. The culicivora bites you.
The culicivora draws strength from your injuries!
The redback bites you but does no damage.
The culicivora closely misses you. The culicivora completely misses you.
You regained 30 hp, and now have 59/139 hp.
You hit the culicivora.
The culicivora is poisoned.
The redback misses you.
The redback is healed somewhat.
The culicivora barely misses you.
You hit the culicivora.
The culicivora looks as sick as possible!
The redback barely misses you. The culicivora bites you!
The culicivora draws strength from your injuries!
The culicivora completely misses you.
The redback bites you but does no damage.
You take 7 damage, and have 53/139 hp.
You barely miss the culicivora. The culicivora completely misses you.
The culicivora bites you!
* * * LOW HITPOINT WARNING * * *
The culicivora draws strength from your injuries!
You block the redback's attack.
You take 15 damage, and have 38/139 hp.
You barely miss the redback. The culicivora barely misses you.
The culicivora completely misses you. The redback barely misses you.
You barely miss the redback. The culicivora bites you.
* * * LOW HITPOINT WARNING * * *
The culicivora draws strength from your injuries!
You block the culicivora's attack. The redback closely misses you.
You take 4 damage, and have 35/139 hp.
You hit the redback.
You kill the redback!
The culicivora bites you but does no damage.
The culicivora is healed somewhat.
You barely miss the jumping spider. The jumping spider misses you.
The jumping spider bites you.
* * * LOW HITPOINT WARNING * * *
The culicivora bites you but does no damage.
You block the culicivora's attack.
You take 4 damage, and have 31/139 hp.
You hit the jumping spider.
The jumping spider is poisoned.
The jumping spider misses you. x2; The culicivora closely misses you.
The culicivora is healed somewhat.
The jumping spider pounces on you!
* * * LOW HITPOINT WARNING * * *
The jumping spider closely misses you.
You take 11 damage, and have 20/139 hp.
You completely miss the culicivora.
The culicivora is healed somewhat.
The culicivora misses you. The jumping spider barely misses you.
The jumping spider misses you.
You hit the culicivora but do no damage.
The culicivora looks as sick as possible!
You block the culicivora's attack.
The culicivora is healed somewhat.
The jumping spider leaps!
The culicivora barely misses you.
You hit the culicivora.
The culicivora looks as sick as possible!
The culicivora misses you. The boulder beetle hits you!!
You die...

# # #.#.
### !s##.##
#○#@s#
#°Bs#..^...
##...^#.##^
<#s.#^...
..#..# .#.#
...#..#
s.#.#^..
..#..##...
.#. .. ....


You could see a boulder beetle (rolling, very poisoned), an orb spider, 2
culicivoras and a jumping spider (very poisoned).

Vanquished Creatures
  Arachne (Spider:3)
  Gastronok (Lair:1)
  An emperor scorpion (Spider:2)
  6 ghost moths
  2 broodmothers (Spider:1)
  Snorg (Lair:4)
  4 spark wasps
  An ice dragon (D:14)
  6 hydras
  Erolcha (D:12)
  6 entropy weavers
  A catoblepas (Lair:5)
  2 radroaches
  6 jorogumos (Spider:3)
  4 centaur warriors
  4 boulder beetles
  A death knight (D:14)
  6 two-headed ogres
  A tengu warrior (D:14)
  Erica (D:9)
  3 death yaks (Lair:3)
  3 thrashing horrors
  Amaemon (D:9)
  An iron troll (D:14)
  3 pharaoh ants
  11 orb spiders
  2 sun moths
  5 orc knights
  A harpy (D:14)
  2 wizards (D:14)
  An oklob plant (Lair:5)
  24 wolf spiders
  5 steelbarb worms
  4 manticores
  2 deep elf pyromancers (D:14)
  2 orc sorcerers (Orc:1)
  4 moths of wrath
  5 cyclopes
  Maurice (Orc:2)
  A black mamba (shapeshifter) (D:13)
  19 ugly things
  3 elephants (Lair:5)
  3 gargoyles
  A smoke demon (Lair:5)
  A demonic crawler (Spider:3)
  3 black mambas
  An orange demon (D:9)
  5 cane toads
  7 torpor snails
  Maggie (D:9)
  A kobold demonologist (D:13)
  Psyche (D:9)
  10 komodo dragons
  4 rime drakes
  An ancient zyme (Lair:5)
  A tengu conjurer (D:14)
  7 meliai
  5 polar bears
  2 trolls
  36 tarantellas
  17 blink frogs
  6 dream sheep (Lair:5)
  31 jumping spiders
  A snapping turtle (Lair:2)
  30 culicivoras
  6 slime creatures
  A centaur simulacrum (D:14)
  3 shadows (D:12)
  A wraith (D:12)
  4 wyverns
  A spriggan (Lair:5)
  5 basilisks
  3 ynoxinuls (Lair:5)
  A yak (shapeshifter) (D:14)
  47 yaks
  A vampire (D:14)
  A large abomination (Lair:5)
  75 redbacks
  5 vampire mosquitoes
  2 chaos spawn (Lair:5)
  6 wargs
  Edmund (D:4)
  4 acid dragons
  11 water moccasins
  39 orc warriors
  A black bear (Lair:1)
  3 sky beasts
  6 ice beasts
  5 ogres
  11 small abominations (Lair:5)
  A boggart (D:14)
  13 centaurs
  5 wolves
  A phantom (D:4)
  A kobold brigand (D:7)
  14 bullfrogs
  2 necrophages
  2 gnoll sergeants
  4 scorpions
  8 wights
  9 howler monkeys
  3 electric eels
  4 hounds
  3 jellies
  17 orc priests
  2 gnoll boudas
  3 iguanas
  24 orc wizards
  Robin (D:2)
  8 adders
  24 gnolls
  A white imp (D:4)
  A dart slug (D:4)
  68 orcs
  8 ball pythons
  9 bats
  3 endoplasms
  5 giant cockroaches
  9 goblins
  14 hobgoblins
  9 jackals
  3 quokkas
  6 frilled lizards
  10 kobolds
  3 rats
875 creatures vanquished.

Vanquished Creatures (others)
  A pharaoh ant (Spider:3)
  An ogre (Orc:2)
  A goblin (D:3)
  21 fungi
  26 plants
50 creatures vanquished.

Grand Total: 925 creatures vanquished

Notes
Turn   | Place    | Note
-------+----------+-------------------------------------------
     0 | D:5      | sokol815 the Demigod Delver began the quest for the Orb.
     0 | D:5      | Reached XP level 1. HP: 18/18 MP: 3/3
    75 | D:5      | Noticed an iguana
    82 | D:5      | Noticed a scorpion
   117 | D:5      | Noticed a hound
   118 | D:5      | Noticed a scorpion
   118 | D:5      | Noticed an orc priest
   118 | D:5      | Noticed a jelly
   119 | D:5      | Noticed a scorpion
   127 | D:5      | Noticed an ice beast
   135 | D:5      | Noticed a howler monkey
   149 | D:4      | Found a staircase to the Ecumenical Temple.
   149 | D:4      | Noticed an orc priest
   183 | D:3      | Noticed an orc priest
   352 | D:2      | Reached skill level 2 in Short Blades
   352 | D:2      | Reached skill level 2 in Dodging
   352 | D:2      | Reached XP level 2. HP: 25/25 MP: 4/4
   426 | D:2      | Identified the amulet of Porad {Reflect rElec SH+5}
   604 | D:2      | Reached skill level 3 in Fighting
   661 | D:2      | Found a runed translucent door.
   662 | D:2      | Noticed Crazy Yiuf
   810 | D:1      | Reached XP level 3. HP: 30/31 MP: 5/5
   816 | D:1      | Identified a scroll of acquirement
  1980 | D:2      | Reached skill level 5 in Stealth
  1980 | D:2      | Reached XP level 4. HP: 27/38 MP: 6/6
  2478 | D:3      | Noticed Robin
  2510 | D:2      | Killed Robin
  2550 | D:3      | Reached skill level 3 in Dodging
  2550 | D:3      | Reached XP level 5. HP: 33/46 MP: 7/7
  2679 | D:3      | Acquired a manual of Fire Magic
  3006 | D:4      | Reached skill level 4 in Fighting
  3248 | D:4      | Reached XP level 6. HP: 46/52 MP: 8/8
  3322 | D:4      | Reached skill level 6 in Stealth
  3504 | D:4      | Reached skill level 4 in Dodging
  4139 | D:4      | Reached XP level 7. HP: 34/60 MP: 9/9
  4140 | D:4      | Reached skill level 1 in Maces & Flails
  4279 | D:5      | Reached skill level 5 in Fighting
  4284 | D:5      | Noticed Edmund
  4361 | D:4      | Killed Edmund
  4362 | D:4      | Reached skill level 2 in Maces & Flails
  4544 | D:5      | Reached skill level 3 in Maces & Flails
  4803 | D:6      | Reached XP level 8. HP: 51/68 MP: 10/10
  4916 | D:6      | Reached skill level 5 in Dodging
  4939 | D:6      | Reached skill level 7 in Stealth
  4982 | D:6      | Found Deluaf's Magic Scroll Shoppe.
  4986 | D:6      | Bought a scroll of identify for 28 gold pieces
  4986 | D:6      | Bought a scroll of identify for 28 gold pieces
  4995 | D:6      | Reached skill level 4 in Maces & Flails
  6008 | D:7      | Reached skill level 6 in Fighting
  6008 | D:7      | Reached skill level 5 in Maces & Flails
  6153 | D:7      | Reached XP level 9. HP: 75/75 MP: 11/11
  6960 | D:8      | Reached skill level 6 in Dodging
  7032 | D:7      | Reached skill level 6 in Maces & Flails
  7263 | D:8      | Reached skill level 8 in Stealth
  8100 | D:9      | Noticed an orange demon
  8135 | D:9      | Noticed Amaemon
  8187 | D:9      | Noticed Erica
  8191 | D:9      | HP: 19/78 [Erica/bolt of poison (18)]
  8191 | D:9      | HP: 8/78 [constriction (11)]
  8196 | D:9      | Killed Erica
  8197 | D:9      | Reached skill level 7 in Fighting
  8197 | D:9      | Reached skill level 7 in Maces & Flails
  8384 | D:9      | Noticed Maggie
  8407 | D:9      | Killed Maggie
  8408 | D:9      | Reached XP level 10. HP: 64/86 MP: 13/13
  8661 | D:9      | Found a staircase to the Lair.
  8677 | D:9      | Reached skill level 7 in Dodging
  8702 | D:9      | Noticed Psyche
  8898 | D:9      | Reached skill level 8 in Maces & Flails
  8935 | D:9      | Reached skill level 9 in Stealth
  9339 | D:9      | Killed Amaemon
  9641 | D:9      | Paralysed by something for 4 turns
  9649 | D:9      | Killed Psyche
  9802 | D:10     | Entered Level 10 of the Dungeon
  9987 | D:10     | Reached skill level 11 in Fire Magic
  9987 | D:10     | Reached XP level 11. HP: 94/94 MP: 14/14
  9988 | D:10     | Reached skill level 14 in Fire Magic
  9988 | D:10     | Reached XP level 12. HP: 101/101 MP: 15/15
 10033 | D:10     | Reached skill level 9 in Maces & Flails
 10623 | D:11     | Reached skill level 8 in Fighting
 10961 | D:11     | Reached skill level 8 in Dodging
 10967 | D:11     | Reached XP level 13. HP: 92/107 MP: 16/16
 11523 | D:11     | Found a runed translucent gate.
 11523 | D:11     | Found a runed translucent gate.
 11523 | D:11     | Found a runed translucent gate.
 11525 | D:11     | Noticed epsilonplus's ghost (journeyman TeHu)
 11642 | D:11     | Reached skill level 10 in Maces & Flails
 11817 | Lair:1   | Entered Level 1 of the Lair of Beasts
 11829 | Lair:1   | Reached skill level 10 in Stealth
 11923 | Lair:1   | Noticed Gastronok
 12314 | Lair:1   | Reached skill level 1 in Evocations
 12856 | Lair:2   | Reached skill level 2 in Evocations
 12995 | Lair:2   | Found a staircase to the Shoals.
 13088 | Lair:2   | Found a hole to the Spider Nest.
 13455 | Lair:2   | Reached skill level 3 in Evocations
 14265 | Lair:3   | Reached skill level 4 in Evocations
 14600 | Lair:4   | Noticed Snorg
 15009 | Lair:4   | Found a staircase to the Slime Pits.
 15190 | Lair:3   | Reached skill level 9 in Fighting
 15190 | Lair:3   | Reached skill level 3 in Short Blades
 15513 | Lair:4   | Reached skill level 5 in Evocations
 16304 | Lair:5   | Entered Level 5 of the Lair of Beasts
 16475 | Lair:5   | Reached skill level 4 in Short Blades
 16497 | Lair:5   | Reached skill level 6 in Evocations
 16518 | Lair:5   | Reached skill level 9 in Dodging
 16985 | Lair:5   | Reached skill level 5 in Short Blades
 17449 | Lair:5   | Reached skill level 11 in Stealth
 17707 | Lair:4   | Reached XP level 14. HP: 118/118 MP: 17/17
 17714 | Lair:5   | Found the +3 pair of seven-league boots {Rampage+∞}
 18368 | Lair:5   | Reached skill level 6 in Short Blades
 19356 | Lair:5   | Reached skill level 10 in Fighting
 19560 | Lair:5   | Found a one-way gate to the infinite horrors of the Abyss.
 19702 | Lair:4   | Killed Snorg
 19978 | Lair:1   | Reached skill level 10 in Dodging
 20025 | Lair:1   | Killed Gastronok
 20961 | D:12     | HP: 27/122 [cyan ugly thing (6)]
 20962 | D:12     | HP: 11/122 [cyan ugly thing (4)]
 20967 | D:12     | HP: 11/122 [cyan ugly thing (11)]
 20969 | D:12     | Noticed Erolcha
 21646 | D:12     | Reached skill level 12 in Stealth
 21734 | D:12     | Found a staircase to the Orcish Mines.
 21744 | D:12     | Killed Erolcha
 22310 | Orc:1    | Entered Level 1 of the Orcish Mines
 22352 | Orc:1    | Reached skill level 7 in Evocations
 22453 | Orc:1    | Reached skill level 1 in Armour
 22672 | Orc:2    | Entered Level 2 of the Orcish Mines
 22922 | Orc:1    | Found Ocues's Jewellery Emporium.
 23405 | Orc:2    | Reached skill level 2 in Armour
 23732 | Orc:2    | Found Romomurhia's Retail Resort.
 23855 | Orc:2    | Found Nupuqe's General Store.
 23855 | Orc:2    | Found Vixaeca's Antique Armour Shop.
 23950 | Orc:2    | Reached skill level 8 in Evocations
 23950 | Orc:2    | Found Osacom's Jewellery Shoppe.
 23950 | Orc:2    | Found Rireh's Weapon Boutique.
 24151 | Orc:2    | Found a staircase to the Elven Halls.
 24364 | Orc:2    | Found a runed translucent door.
 24365 | Orc:2    | Noticed Dittersdorf's ghost (journeyman GrFi)
 24454 | Orc:2    | Noticed Maurice
 24458 | Orc:2    | Killed Maurice
 24459 | Orc:2    | Reached skill level 11 in Maces & Flails
 24866 | D:13     | Found Ythoh's Antique Weapon Emporium.
 25067 | D:13     | Reached skill level 3 in Armour
 26294 | D:14     | Reached XP level 15. HP: 128/128 MP: 18/18
 26360 | D:14     | Identified the amulet "Enir" {Faith Regen+}
 26459 | D:13     | Reached skill level 11 in Fighting
 26465 | D:13     | Reached skill level 9 in Evocations
 26763 | D:14     | Reached skill level 4 in Armour
 26987 | D:14     | Found a gate to the Vaults.
 27729 | D:14     | Reached skill level 11 in Dodging
 27900 | D:14     | HP: 22/129 [cyclops/large rock (19)]
 28365 | D:14     | Reached skill level 10 in Evocations
 28608 | D:14     | Found a gate to the Vaults.
 29372 | Orc:1    | Bought a ring of poison resistance for 320 gold pieces
 29518 | Spider:1 | Entered Level 1 of the Spider Nest
 29551 | Spider:1 | Reached skill level 5 in Armour
 29649 | Spider:1 | Acquired the ring "Nunah" {Fire Dex+2}
 30496 | Spider:1 | Reached skill level 12 in Maces & Flails
 30999 | Spider:1 | Reached skill level 11 in Evocations
 31503 | Spider:1 | Reached skill level 6 in Armour
 32774 | Spider:2 | Reached skill level 12 in Evocations
 33051 | Spider:2 | Reached skill level 7 in Armour
 33697 | Spider:2 | Reached XP level 16. HP: 139/139 MP: 19/19
 34637 | Spider:3 | Reached skill level 13 in Evocations
 34947 | Spider:3 | Reached skill level 8 in Armour
 35213 | Spider:3 | Reached skill level 12 in Fighting
 35525 | Spider:3 | Reached skill level 12 in Dodging
 36805 | Spider:4 | Entered Level 4 of the Spider Nest
 38390 | Spider:4 | Got the Lessons on the Stormy Gift
 39032 | Spider:4 | Learned a level 1 spell: Apportation
 39096 | Spider:3 | Paralysed by a jorogumo for 2 turns
 39128 | Spider:3 | Reached skill level 13 in Fighting
 39221 | Spider:3 | Reached skill level 1 in Translocations
 39575 | Spider:4 | Noticed Arachne
 39607 | Spider:3 | Killed Arachne
 39608 | Spider:3 | Reached skill level 13 in Dodging
 39608 | Spider:3 | Reached skill level 2 in Translocations
 39935 | Spider:3 | Reached skill level 3 in Translocations
 40112 | Spider:4 | Paralysed by a jorogumo for 2 turns
 40115 | Spider:4 | HP: 34/143 [jorogumo (6)]
 40117 | Spider:4 | Paralysed by a jorogumo for 2 turns
 40118 | Spider:4 | HP: 15/143 [jorogumo (14)]
 40568 | Spider:3 | HP: 33/135 [poisoned by a jorogumo]
 40574 | Spider:3 | HP: 31/136 [poisoned by a jorogumo]
 41165 | Spider:4 | HP: 34/139 [boulder beetle (19)]
 41172 | Spider:4 | HP: 32/139 [culicivora (5)]
 41181 | Spider:4 | HP: 31/139 [jumping spider (4)]
 41185 | Spider:4 | Demolished by a boulder beetle

Illustrated notes

Levels and vault maps discovered:
D:1:      minmay_arrival_shoal_huts, layout_loops_cross,
          minmay_shallow_snake_nest
D:2:      layout_basic, basic_ecumenical_altar, grunt_ministairs_5,
          uniq_crazy_yiuf_cottage
D:3:      layout_rooms, chequers_temple_overflow_minitemple, uniq_robin
D:4:      layout_basic, general_overflow_altar,
          minmay_temple_entry_proselytizer, hangedman_abyss_or_decor_stabs
D:5:      layout_cave_pools, minmay_manual_mess, uniq_edmund
D:6:      layout_gridville, serial_shops, nicolae_shop_behind_doors,
          chequers_serial_rivers_micro_a
D:7:      layout_basic
D:8:      layout_cave_pods, trog_three_pillars_becter, serial_bayou_pond_a
D:9:      layout_loops_ring, tso_oasis_becter, hellmonk_lair_entry_icy,
          uniq_erica, uniq_maggie, uniq_amaemon, uniq_psyche
D:10:     layout_small_grid
D:11:     layout_rooms, ebering_ghost_rock_garden, minmay_fractal_squares_5
D:12:     layout_stronghold, erik_orc_4, minmay_starry_boxes, uniq_erolcha
D:13:     layout_basic, serial_shops, shop
D:14:     nzn_winding_woodlands_medium [nzn_winding_woodlands_5x5_open_star,
          nzn_winding_woodlands_5x15_lazy_stream,
          nzn_winding_woodlands_hourglass, nzn_winding_woodlands_5x5_default,
          nzn_winding_woodlands_center_lodge, nzn_winding_woodlands_5x5_three,
          nzn_winding_woodlands_5x5_closed_star,
          nzn_winding_woodlands_5x15_sidewinder,
          nzn_winding_woodlands_5x5_cross], layout_stronghold, david_vaults_4,
          doesnt_xom_only_xom
Lair:1:   layout_regular_city, nicolae_quartered_pool_little, lemuel_fruit_tree,
          serial_bayou_shore_b, grunt_megastairs_2, serial_bayou_shore_b,
          uniq_gastronok
Lair:2:   layout_chaotic_city, minmay_shoals_entry_hut, spider_nest_entry_a,
          infiniplex_staircase_pool_2
Lair:3:   layout_long_grid
Lair:4:   layout_layer_cave, slime_entry_1, uniq_snorg
Lair:5:   hellmonk_lair_end_abyssal_woods, layout_layer_cave
Spider:1: layout_spider_delve, hellmonk_spider_spawner
Spider:2: layout_spider_delve, hangedman_spider_tarantella_strand
Spider:3: layout_cave_pods, nicolae_spider_checkerboard
Spider:4: johnstein_spider_rune_arachne_lair
Orc:1:    layout_caves, serial_shops, nicolae_shop_trees
Orc:2:    st_orc_rangers, layout_caves, ebering_ghost_xom,
          nicolae_alphabet_shops, uniq_maurice

Skill      XL: |  1  2  3  4  5  6  7  8  9 10 11 12 13 14 15 16 |
---------------+-------------------------------------------------+-----
Short Blades   | 2 5 6 |  6.0
Dodging        | 2 3 4 5 6 7 8 9 10 11 13 | 13.1
Fighting       | 3 4 5 6 7 8 9 10 11 13 | 13.2
Stealth        | 5 6 7 8 9 11 12 | 12.1
Maces & Flails | 3 5 7 8 9 10 11 12 | 12.0
Fire Magic     | 11 14 | 14.0
Evocations     | 6 8 12 13 | 13.0
Armour         | 3 7 8 |  8.0
Translocations | 3 |  3.8

Action                     |  1- 3 |  4- 6 |  7- 9 | 10-12 | 13-15 | 16-18 || total
---------------------------+-------+-------+-------+-------+-------+-------++-------
  Melee: Short sword       |   145 |     1 |       |       |       |       ||   146
         Punch             |     1 |     1 |     6 |     3 |    74 |    36 ||   121
         Mace              |    44 |   217 |       |       |       |       ||   261
         Whip              |       |     8 |   365 |   317 |  3454 |   408 ||  4552
         Dagger            |       |       |       |       |    35 |   758 ||   793
  Throw: Stone             |     8 |       |       |       |       |       ||     8
         Dart              |       |       |       |       |    40 |     1 ||    41
   Cast: Apportation       |       |       |       |       |       |     3 ||     3
  Evoke: Wand              |       |       |       |     2 |    24 |    13 ||    39
         Condenser vane    |       |       |       |       |     1 |       ||     1
    Use: Scroll            |     5 |     8 |     9 |     3 |    21 |     3 ||    49
         Potion            |     1 |       |     5 |     3 |     2 |     3 ||    14
   Stab: Sleeping          |     5 |     9 |     8 |     4 |    27 |     9 ||    62
         Distracted        |       |     1 |     3 |       |    12 |     1 ||    17
         Paralysed         |       |       |       |       |     1 |     5 ||     6
 Armour: Leather armour    |    51 |    72 |    44 |       |       |       ||   167
         Acid dragon scale |       |       |       |    48 |   540 |   233 ||   821
  Dodge: Dodged            |   160 |   232 |   242 |   190 |  2445 |  1240 ||  4509
         Repelled          |       |       |       |       |       |    11 ||    11
  Block: Other             |    34 |    64 |    57 |    47 |   546 |   279 ||  1027
         Reflection        |       |       |     2 |       |    17 |     2 ||    21

Table legend: (Time is in decaauts)
 A = Elapsed time spent in this place.
 B = Non-inter-level travel time spent in this place.
 C = Inter-level travel time spent in this place.
 D = Time resting spent in this place.
 E = Time spent auto-exploring this place.
 F = Levels seen in this place.
 G = Mean time per level.
                   A        B        C        D        E       F      G
               +--------+--------+--------+--------+--------+-----+--------+
         Total |  39230 |  37302 |   1928 |   9882 |  18286 |  25 | 1569.2 |
       Dungeon |  17688 |  16629 |   1059 |   2642 |  10334 |  14 | 1263.4 |
          Lair |   8409 |   7819 |    590 |   1231 |   4578 |   5 | 1681.8 |
   Spider Nest |  10903 |  10721 |    182 |   5479 |   2512 |   4 | 2725.8 |
  Orcish Mines |   2229 |   2133 |     96 |    529 |    862 |   2 | 1114.5 |
               +--------+--------+--------+--------+--------+-----+--------+

Top non-repeatable levels by time:
Spider:3: 5754 daAuts
    D:14: 2706 daAuts
  Lair:5: 2698 daAuts
Spider:1: 2335 daAuts
  Lair:4: 2136 daAuts
     D:9: 2048 daAuts
Spider:2: 1782 daAuts
     D:4: 1556 daAuts
    D:13: 1486 daAuts
  Lair:1: 1418 daAuts
   Orc:2: 1381 daAuts
    D:11: 1334 daAuts
    D:12: 1192 daAuts
  Lair:3: 1184 daAuts
     D:2: 1119 daAuts

Table legend:
 A = Kills in this place as a percentage of kills in entire the game.
 B = Kills by you in this place as a percentage of kills by you in the entire game.
 C = Kills by friends in this place as a percentage of kills by friends in the entire game.
 D = Other kills in this place as a percentage of other kills in the entire game.
 E = Experience gained in this place as a percentage of experience gained in the entire game.
 F = Experience gained in this place divided by the number of levels of this place that you have seen.
                   A       B       C       D       E      F
               +-------+-------+-------+-------+-------+----------------------
         Total | 100.0 | 100.0 |   N/A | 100.0 | 100.0 | 8626.3
       Dungeon |  39.8 |  39.9 |   N/A |   0.0 |  26.5 | 4086.0
          Lair |  17.6 |  17.6 |   N/A |   0.0 |  20.5 | 8834.4
   Spider Nest |  29.9 |  29.9 |   N/A |  50.0 |  46.7 | 25194.2
  Orcish Mines |  12.7 |  12.6 |   N/A |  50.0 |   6.3 | 6752.0
               +-------+-------+-------+-------+-------+----------------------
